 Dungeon Crawl Stone Soup version 0.29-a0-901-g46a8461d6a (webtiles) character file.

Game seed: 16890621685198258615

21253 jt the Placeless Palentonga (level 12, 0/80 HPs)
             Began as a Palentonga Hedge Wizard on July 23, 2022.
             Was a High Priest of Hepliaklqana.
             Slain by an ogre
             ... wielding a +0 giant spiked club
              (26 damage)
             ... on level 1 of the Orcish Mines.
             The game lasted 01:05:39 (15756 turns).

jt the Placeless Palentonga (PaHW)                 Turns: 15756, Time: 01:05:39

Health: 0/80       AC: 24    Str: 19    XL:     12   Next: 52%
Magic:  16/34      EV:  7    Int: 21    God:    Hepliaklqana [*****.]
Gold:   1022       SH:  0    Dex: 12    Spells: 11/29 levels left

rFire   + . .      SeeInvis +   w - +6 trident "Far Zaa" {speed, Str+3 Int+4 Dex+2}
rCold   + . .      Faith    .   (no shield)
rNeg    . . .      Spirit   .   n - +2 ring mail {rC+}
rPois   .          Reflect  .   k - +1 helmet
rElec   .          Harm     .   x - +1 cloak
rCorr   .          Rampage  .   (no gloves)
Will    .....                   S - +1 barding
Stlth   +.........              (no amulet)
HPRegen 0.23/turn               s - ring of magical power
MPRegen 0.24/turn               H - ring of protection from fire

@: marked, on blink cooldown, hasted, invisible, curled up, very quick
A: reduced essence, large, rugged brown scales 3, see invisible, deformed body,
roll 1, armoured tail, reflexive curl
a: Rolling Charge, Renounce Religion, Recall Ancestor, Ancestor Identity,
Transference, Idealise


You were on level 1 of the Orcish Mines.
You worshipped Hepliaklqana.
Hepliaklqana was extremely pleased with you.
You visited 4 branches of the dungeon, and saw 14 of its levels.
You also visited: Bailey.

You collected 1022 gold pieces.

Inventory:

Hand Weapons
 a - a +6 broad axe of venom
 g - a +3 short sword of freezing
 u - a +2 dagger of venom
 w - the +6 trident "Far Zaa" (weapon) {speed, Str+3 Int+4 Dex+2}
   (You took it off an orc priest on level 9 of the Dungeon)

   Attacks with this weapon are significantly faster.
   Str:       It affects your strength (+3).
   Int:       It affects your intelligence (+4).
   Dex:       It affects your dexterity (+2).
 N - a +1 vampiric morningstar
 P - a -1 demon whip of venom
 W - a +2 war axe of venom
 Z - a +4 dire flail of freezing
Missiles
 h - 135 stones
 i - a javelin
 M - 5 curare-tipped darts
 U - 29 poisoned darts
Armour
 c - a +0 hat
 j - the +1 ring mail of Zin's Displeasure {rN+}
   (You took it off an orc on level 9 of the Dungeon)

   rN:        It protects you from negative energy.
 k - a +1 helmet (worn)
 n - a +2 ring mail of cold resistance (worn)
 x - a +1 cloak (worn)
 D - a +2 robe of cold resistance
 E - +0 acid dragon scales
 S - a +1 barding (worn)
 X - a +0 plate armour
 Y - a +0 chain mail
Magical Staves
 J - a staff of poison
Jewellery
 s - a ring of magical power (left hand)
 t - a ring of magical power
 A - a +6 ring of strength
 H - a ring of protection from fire (right hand)
Wands
 C - a wand of paralysis (7)
 K - a wand of mindburst (4)
 O - a wand of digging (6)
 T - a wand of iceblast (10)
Scrolls
 o - 2 scrolls of poison
 q - a scroll of fear
 v - 2 scrolls of fog
 y - 4 scrolls of teleportation
 z - a scroll of amnesia
 F - a scroll of vulnerability
 G - a scroll of silence
 R - 2 scrolls of magic mapping
 V - a scroll of brand weapon
Potions
 d - 3 potions of magic
 e - a potion of heal wounds
 f - 4 potions of mutation
 l - 2 potions of curing
 m - 3 potions of lignification
 p - 3 potions of brilliance
 r - 2 potions of haste
 B - a potion of invisibility
 Q - a potion of might


   Skills:
 - Level 4.0 Fighting
 - Level 2.0 Short Blades
 + Level 4.8 Axes
 - Level 2.0 Armour
 - Level 1.5 Dodging
 - Level 1.2 Stealth
 + Level 9.0 Spellcasting
 + Level 8.5 Conjurations
 - Level 2.4 Summonings
 + Level 9.3 Translocations
 - Level 4.0 Air Magic
 - Level 4.0 Poison Magic
 + Level 7.1 Invocations
 + Level 5.7 Evocations


You had 11 spell levels left.
You knew the following spells:

 Your Spells              Type           Power      Damage    Failure   Level
a - Magic Dart            Conj           100%       1d8       1%          1
b - Blink                 Tloc           96%        N/A       1%          2
c - Call Imp              Summ           19%        N/A       7%          2
d - Mephitic Cloud        Conj/Pois/Air  32%        N/A       3%          3
e - Teleport Other        Tloc           48%        N/A       1%          3
f - Manifold Assault      Tloc           48%        N/A       8%          5
g - Poisonous Vapours     Pois/Air       52%        N/A       3%          2

Your spell library contained the following spells:

 Spells                   Type           Power      Damage    Failure   Level
 Shock                    Conj/Air       100%       1d9       1%          1
 Gell's Gravitas          Tloc           48%        N/A       1%          3
 Lesser Beckoning         Tloc           48%        N/A       1%          3
 Portal Projectile        Hex/Tloc       58%        N/A       5%          3
 Conjure Flame            Conj/Fire      27%        6-21      6%          3
 Swiftness                Air            26%        N/A       7%          3
 Slow                     Hex            36%        N/A       12%         1
 Ensorcelled Hibernation  Hex/Ice        18%        N/A       19%         2
 Passwall                 Tmut/Erth      7%         N/A       19%         2
 Ignite Poison            Fire/Tmut/Pois 15%        N/A       22%         3
 Airstrike                Air            13%        0-5+      24%         4
 Tukima's Dance           Hex            9%         N/A       36%         3
 Corpse Rot               Necr/Pois/Air  20%        N/A       38%         4
 Freezing Cloud           Conj/Ice/Air   13%        6-21      52%         5
 Animate Armour           Summ/Erth      28%        N/A       58%         4
 Dispel Undead            Necr           9%         3d8       77%         4
 Leda's Liquefaction      Hex/Erth       4%         N/A       77%         4
 Iron Shot                Conj/Erth      13%        9d3       97%         6
 Blade Hands              Tmut           4%         N/A       98%         5
 Death Channel            Necr           4%         N/A       100%        6
 Storm Form               Tmut/Air       8%         N/A       100%        7


Dungeon Overview and Level Annotations

Branches:
Dungeon (11/15)            Temple (1/1) D:4            Lair (1/5) D:11
    Orc (1/2) D:11         Bailey (visited)

Altars:
Ashenzari
Cheibriados
Dithmenos
Elyvilon
Fedhas
Gozag
Hepliaklqana
Kikubaaqudgha
Makhleb
Nemelex Xobeh
Okawaru
Qazlal
Ru
Sif Muna
Trog
Uskayaw
Vehumet
Wu Jian
Xom
Yredelemnul
Zin
The Shining One

Annotations:
D:9 3 runed translucent doors, Peppero's ghost, journeyman GnFi


Innate Abilities, Weirdness & Mutations

Your life essence is reduced to manifest your ancestor. (-10% HP)
You are completely covered in rugged brown scales. (AC +3, +7% HP)
You have supernaturally acute eyesight. (SInv)
Armour fits poorly on your strangely shaped body.
You can roll at nearby foes to attack.
You have a long armoured tail.
You curl defensively after being hit. (AC +7*)


Message History

The fiery explosion engulfs the two-headed ogre!!
Flame seeps out of the two-headed ogre.
The two-headed ogre is heavily wounded.
You hear an explosion!
The fiery explosion engulfs the orc!! x2
The orc explodes!
You feel a bit more experienced. x2
The orc explodes!
You feel a bit more experienced. x2
The orc wizard explodes!
The fiery explosion engulfs the two-headed ogre!!
The two-headed ogre explodes!
The orc warrior explodes!
You hear a shout! x2
You feel a bit more experienced.
The orc is engulfed in noxious fumes.
The orc appears confused.
You feel a bit more experienced.
You hear a shout! x2
Your Spellcasting skill increases to level 9!
Your Invocations skill increases to level 7!
Unknown command.
Press: ? - help, v - describe, . - travel
Here: an orc warrior, wielding a +0 short sword and wearing a +0 chain mail (noxious fumes, inner flame, unable to see you)
The floor, spattered with blood.
You strike the helpless orc from behind!
You hit the orc.
Flame seeps out of the orc.
The orc is heavily wounded.
The orc is engulfed in blazing flames.
The orc explodes!
The fiery explosion engulfs you! You resist.
The orc warrior is engulfed in noxious fumes.
The ogre is engulfed in noxious fumes.
The ogre appears confused.
The ogre shouts, "What's happening?!"
The orc warrior is engulfed in noxious fumes.
Press: ? - help, v - describe, . - travel
Here: an orc warrior, wielding a +0 short sword and wearing a +0 chain mail (inner flame, unable to see you)
The floor.
Casting: Mephitic Cloud (mildly dangerous; 3% risk of failure)
Confirm with . or Enter, or press ? or * to list all spells.
You blink.
The ogre hits you with a +0 giant spiked club!!
You die...

...$..R.).....#O.#...###
..o...<))..............##
....ooo......)))........#
...oooo$o>...)§)O...#..#
.......)o....§o°##.#...#
......o).....§))§##.#.##
.............°§°#§)§o##
#............§§#°))§##
................@.§°§#
.#......#.....O°°o.#
#.............○°°§#
#..............o§°.#
##..............§.§.#
.........#.#.##
..$.......#### ....#.##.#
#. #


You could see an orc warrior (inner flame, unable to see you), an ogre (inner
flame, confused, unable to see you) and 3 orcs.

Vanquished Creatures
  An orc warlord (Bailey)
  The ghost of eyesofgods1 the Martial Artist, a journeyman GnTm of Cheibriados (D:11)
  An ettin (Orc:1)
  An ogre mage (Orc:1)
  2 two-headed ogres (Orc:1)
  A centaur warrior (D:11)
  Sonja (D:11)
  Amaemon (D:8)
  An orc knight (Bailey)
  A cyclops (D:11)
  A manticore (D:10)
  An orange demon (D:8)
  A hornet (D:9)
  Grinder (D:3)
  A shadow (D:9)
  2 wraiths (D:11)
  A ynoxinul (D:11)
  17 yaks
  2 vampire mosquitoes (D:11)
  Eustachio (D:6)
  2 wargs (Orc:1)
  2 acid dragons
  11 orc warriors
  A sky beast (D:6)
  4 ogres
  5 centaurs
  2 phantoms
  4 bullfrogs (D:8)
  A gnoll sergeant (D:9)
  A necrophage (D:5)
  5 scorpions
  3 wights
  2 troll zombies (D:11)
  5 killer bees
  2 howler monkeys (D:11)
  2 hounds (D:5)
  A jelly (D:7)
  6 orc priests
  2 iguanas
  A hexer (Bailey)
  11 orc wizards
  4 ogre zombies (D:11)
  5 gnolls
  7 adders
  2 shadow imps
  A white imp (D:7)
  2 ufetubi
  3 worms
  5 dart slugs
  37 orcs
  3 endoplasms
  6 giant cockroaches
  20 goblins
  9 hobgoblins
  7 jackals
  12 kobolds
  2 quokkas
  4 ball pythons
  6 bats
  2 frilled lizards
  2 goblin zombies (D:11)
  A hobgoblin skeleton (D:11)
  4 hobgoblin zombies (D:11)
  2 orc skeletons (D:11)
  12 orc zombies (D:11)
  4 rats
274 creatures vanquished.

Vanquished Creatures (collateral kills)
  Harold (Orc:1)
  An orc sorcerer (D:11)
  Maurice (D:8)
  A komodo dragon (D:10)
  A hornet (D:7)
  A shadow (D:5)
  2 wyverns
  3 yaks
  A water moccasin (D:7)
  10 orc warriors
  A sky beast (D:8)
  2 black bears (D:5)
  An ice beast (D:5)
  3 ogres
  A centaur (D:7)
  3 phantoms
  3 kobold brigands
  3 bullfrogs (D:7)
  A scorpion (D:5)
  3 wights
  2 killer bees (D:10)
  3 howler monkeys
  3 hounds
  An orc priest (D:10)
  A jelly (D:7)
  Jessica (D:2)
  Ijyb (D:3)
  An iguana (D:5)
  3 orc wizards
  An ogre zombie (D:11)
  3 gnolls
  3 adders
  An ufetubus (D:6)
  2 dart slugs
  18 orcs
  2 giant cockroaches
  4 goblins (Bailey)
  2 hobgoblins
  3 jackals
  5 kobolds
  A quokka (D:4)
  A bat (D:2)
  A goblin skeleton (D:11)
  2 orc skeletons (D:11)
  An orc zombie (D:11)
  A rat (D:2)
110 creatures vanquished.

Vanquished Creatures (others)
  14 hexers
  2 ancestors
  A plant (D:11)
17 creatures vanquished.

Grand Total: 401 creatures vanquished

Notes
Turn   | Place    | Note
-------+----------+-------------------------------------------
     0 | D:1      | jt the Palentonga Hedge Wizard began the quest for the Orb.
     0 | D:1      | Reached XP level 1. HP: 13/13 MP: 4/4
    24 | D:1      | Reached skill level 1 in Conjurations
    97 | D:1      | Reached skill level 1 in Summonings
   302 | D:1      | Found a faded altar of an unknown god.
   318 | D:1      | Reached XP level 2. HP: 7/20 MP: 4/6
   531 | D:1      | Prayed at the altar of an unknown god.
   531 | D:1      | Became a worshipper of Hepliaklqana the Forgotten
   531 | D:1      | Reached * piety under Hepliaklqana
  1186 | D:1      | Reached XP level 3. HP: 23/23 MP: 3/7
  1837 | D:2      | Reached ** piety under Hepliaklqana
  1839 | D:2      | Remembered your ancestor Milos as a hexer
  1862 | D:2      | Reached XP level 4. HP: 23/29 MP: 0/9
  2076 | D:2      | Noticed Jessica
  2081 | D:2      | Killed Jessica
  2082 | D:2      | Reached skill level 1 in Armour
  2561 | D:3      | Noticed Grinder
  2633 | D:3      | Killed Grinder
  2634 | D:3      | Reached XP level 5. HP: 33/33 MP: 9/10
  2634 | D:3      | Reached XP level 6. HP: 39/39 MP: 9/11
  2640 | D:3      | Learned a level 2 spell: Blink
  2643 | D:3      | Learned a level 2 spell: Call Imp
  2647 | D:3      | Learned a level 3 spell: Mephitic Cloud
  3320 | D:3      | Noticed Ijyb
  3325 | D:3      | Killed Ijyb
  3999 | D:4      | Reached *** piety under Hepliaklqana
  4089 | D:4      | Found a staircase to the Ecumenical Temple.
  4100 | Temple   | Entered the Ecumenical Temple
  4810 | D:5      | Entered Level 5 of the Dungeon
  4825 | D:5      | Gained mutation: You curl defensively after being hit. (AC
                  | +7*) [Palentonga growth]
  4825 | D:5      | Reached XP level 7. HP: 37/44 MP: 13/13
  4940 | D:5      | Reached skill level 1 in Air Magic
  4940 | D:5      | Reached skill level 1 in Poison Magic
  5150 | D:5      | Noticed a shadow
  5173 | D:5      | HP: 1/44 [shadow (7)]
  5194 | D:5      | Killed a shadow
  5195 | D:5      | Reached XP level 8. HP: 5/50 MP: 15/15
  5921 | D:5      | Reached skill level 5 in Spellcasting
  6011 | D:5      | Reached skill level 5 in Translocations
  6418 | D:6      | Reached XP level 9. HP: 43/55 MP: 17/17
  6630 | D:6      | Reached skill level 5 in Conjurations
  6672 | D:6      | Noticed Eustachio
  6680 | D:6      | Killed Eustachio
  7782 | D:7      | Learned a level 3 spell: Teleport Other
  7905 | D:7      | Reached **** piety under Hepliaklqana
  8619 | D:8      | Reached skill level 1 in Fighting
  8619 | D:8      | Reached skill level 1 in Short Blades
  8619 | D:8      | Reached skill level 1 in Invocations
  8625 | D:8      | Noticed Amaemon
  8632 | D:8      | Noticed an orange demon
  8911 | D:8      | Reached XP level 10. HP: 21/55 MP: 20/20
  8995 | D:8      | Found a flagged portal.
  9009 | Bailey   | Entered a bailey
  9402 | Bailey   | Reached skill level 1 in Evocations
  9697 | Bailey   | Noticed an orc knight
  9765 | Bailey   | Killed an orc knight
  9766 | Bailey   | Reached skill level 1 in Axes
  9834 | Bailey   | Noticed an orc warlord
 10013 | Bailey   | Killed an orc warlord
 10391 | D:8      | Killed Amaemon
 10400 | D:8      | Noticed Maurice
 10573 | D:9      | Reached XP level 11. HP: 45/72 MP: 22/22
 10724 | D:9      | Identified the +1 ring mail of Zin's Displeasure {rN+}
 10985 | D:9      | Identified the +6 trident "Far Zaa" {speed, Str+3 Int+4
                  | Dex+2}
 11000 | D:9      | Found a runed translucent gate.
 11003 | D:9      | Found a runed translucent gate.
 11004 | D:9      | Found a runed translucent gate.
 11021 | D:9      | Noticed Peppero's ghost (journeyman GnFi)
 11752 | D:8      | Killed Maurice
 12093 | D:10     | Entered Level 10 of the Dungeon
 12140 | D:10     | Reached skill level 5 in Invocations
 12236 | D:10     | Acquired an Inescapable Atlas
 12244 | D:10     | Learned a level 5 spell: Manifold Assault
 12292 | D:10     | Reached ***** piety under Hepliaklqana
 12366 | D:10     | Found a hide-covered altar of Uskayaw.
 13518 | D:11     | Found a staircase to the Lair.
 13532 | Lair:1   | Entered Level 1 of the Lair of Beasts
 13545 | Lair:1   | Noticed a death yak
 13847 | D:11     | Noticed a centaur warrior
 13856 | D:11     | Killed a centaur warrior
 14328 | D:11     | Noticed an orc sorcerer
 14336 | D:11     | Killed an orc sorcerer
 14349 | D:11     | Learned a level 2 spell: Poisonous Vapours
 14365 | D:11     | Found a staircase to the Orcish Mines.
 14470 | D:11     | Found a runed translucent door.
 14470 | D:11     | Noticed eyesofgods1's ghost (journeyman GnTm)
 14612 | D:11     | HP: 2/74 [eyesofgods1's ghost (33)]
 14614 | D:11     | Killed eyesofgods1's ghost
 14615 | D:11     | Reached XP level 12. HP: 3/80 MP: 24/24
 15040 | D:11     | Reached skill level 5 in Evocations
 15052 | D:11     | Got the Handbook of the Boulder
 15127 | D:11     | Noticed Sonja
 15132 | D:11     | Killed Sonja
 15708 | Orc:1    | Entered Level 1 of the Orcish Mines
 15708 | Orc:1    | Noticed Harold
 15708 | Orc:1    | Noticed an ettin
 15722 | Orc:1    | Noticed a two-headed ogre
 15723 | Orc:1    | Killed Harold
 15736 | Orc:1    | Noticed a two-headed ogre
 15738 | Orc:1    | Noticed an ogre mage
 15752 | Orc:1    | Killed an ettin
 15752 | Orc:1    | Killed a two-headed ogre
 15752 | Orc:1    | Killed a two-headed ogre
 15752 | Orc:1    | Killed an ogre mage
 15756 | Orc:1    | Slain by an ogre

Illustrated notes

Levels and vault maps discovered:
D:1:      saegor_arrival_miasma, layout_basic,
          hellmonk_ecumenical_altar_blasted, serial_bayou_pond_d, nrook_campfire
D:2:      layout_rooms, nicolae_figureground_sparkle, uniq_jessica
D:3:      layout_loops_corners, mrwooster_statue_mirror, chequers_jeans,
          uniq_ijyb, uniq_grinder
D:4:      layout_cave_pools, minmay_temple_entry_glassed_door
D:5:      minmay_bubble_buster, layout_loops_ring, minmay_small_thing
D:6:      layout_basic, uniq_eustachio
D:7:      layout_cave_pods
D:8:      layout_rooms, enter_bailey_2, uniq_amaemon, uniq_maurice
D:9:      layout_loops_ring, gammafunk_ghost_icy
D:10:     layout_irregular_city, mainiacjoe_overflow_cross_hatched
D:11:     layout_roguey, lair_entry_dummy, zombieorc2_lemuel,
          hellmonk_ghost_big_iron, uniq_sonja
Temple:   mainiacjoe_temple_starburst
Lair:1:   layout_regular_city, serial_bayou_pond_b,
          dreamdust_deal_with_the_devil
Orc:1:    layout_caves, basic_altar, uniq_harold

Skill      XL: |  1  2  3  4  5  6  7  8  9 10 11 12 |
---------------+-------------------------------------+-----
Conjurations   | 1 2 3 4 6 8 |  8.5
Summonings     | 1 2 |  2.4
Translocations | 2 3 4 5 6 7 8 9 |  9.3
Armour         | 1 2 |  2.0
Spellcasting   | 4 5 6 7 8 9 |  9.0
Air Magic      | 2 3 4 |  4.0
Poison Magic   | 2 3 4 |  4.0
Fighting       | 1 3 4 |  4.0
Short Blades   | 1 2 |  2.0
Invocations    | 1 3 6 7 |  7.1
Evocations     | 2 4 5 |  5.7
Axes           | 2 3 4 |  4.8
Dodging        | |  1.5
Stealth        | |  1.2

Action                   |  1- 3 |  4- 6 |  7- 9 | 10-12 || total
-------------------------+-------+-------+-------+-------++-------
Melee: Dagger            |    38 |    81 |   280 |    58 ||   457
       Tailslap          |    13 |    13 |    42 |    65 ||   133
       Punch             |     2 |       |     7 |     1 ||    10
       Trident           |    36 |    11 |       |   271 ||   318
       Hand axe          |       |     4 |       |       ||     4
       Mace              |       |       |     5 |       ||     5
       War axe           |       |       |       |    54 ||    54
       Short sword       |       |       |       |    10 ||    10
       Broad axe         |       |       |       |    62 ||    62
 Fire: Longbow           |       |       |       |     2 ||     2
Throw: Dart              |       |     2 |     7 |    59 ||    68
 Cast: Magic Dart        |    46 |    34 |    43 |   154 ||   277
       Blink             |       |       |     4 |    25 ||    29
       Mephitic Cloud    |       |       |     2 |    32 ||    34
       Call Imp          |       |       |       |     3 ||     3
       Manifold Assault  |       |       |       |     5 ||     5
       Poisonous Vapours |       |       |       |     2 ||     2
Invok: Ancestor Life: He |     1 |       |       |       ||     1
       Recall Ancestor   |       |     1 |     2 |     3 ||     6
       Idealise          |       |       |       |     1 ||     1
 Abil: Rolling Charge    |     3 |    21 |    38 |    36 ||    98
Evoke: Wand              |       |       |     3 |    18 ||    21
  Use: Scroll            |       |     5 |     8 |    13 ||    26
       Potion            |       |       |     1 |    14 ||    15
 Stab: Sleeping          |     3 |       |       |       ||     3
       Distracted        |       |     1 |     2 |     3 ||     6
       Confused          |       |     2 |     5 |    18 ||    25
       Paralysed         |       |       |       |     7 ||     7
       Invisible         |       |       |       |     1 ||     1
Armor: Robe              |    27 |       |       |       ||    27
       Ring mail         |     5 |    39 |   132 |   177 ||   353
       Skin              |       |       |       |    47 ||    47
Dodge: Dodged            |    33 |    32 |    95 |   109 ||   269

Table legend: (Time is in decaauts)
 A = Elapsed time spent in this place.
 B = Non-inter-level travel time spent in this place.
 C = Inter-level travel time spent in this place.
 D = Time resting spent in this place.
 E = Time spent auto-exploring this place.
 F = Levels seen in this place.
 G = Mean time per level.
                   A        B        C        D        E       F      G
               +--------+--------+--------+--------+--------+-----+--------+
         Total |  15767 |  15392 |    375 |   4458 |   7146 |  15 | 1051.1 |
       Dungeon |  13811 |  13483 |    328 |   3823 |   6537 |  11 | 1255.5 |
        Temple |    565 |    518 |     47 |      0 |    508 |   1 |  565.0 |
          Lair |     15 |     15 |      0 |      0 |      0 |   1 |   15.0 |
  Orcish Mines |     31 |     31 |      0 |      0 |      0 |   1 |   31.0 |
        Bailey |   1344 |   1344 |      0 |    635 |    101 |   1 | 1344.0 |
               +--------+--------+--------+--------+--------+-----+--------+

Top non-repeatable levels by time:
    D:10: 1886 daAuts
    D:11: 1707 daAuts
     D:1: 1609 daAuts
     D:7: 1600 daAuts
     D:5: 1574 daAuts
     D:9: 1362 daAuts
  Bailey: 1344 daAuts
     D:3: 1168 daAuts
     D:2: 944 daAuts
     D:6: 850 daAuts
  Temple: 565 daAuts
     D:8: 564 daAuts
     D:4: 543 daAuts
   Orc:1: 31 daAuts
  Lair:1: 15 daAuts
